 Dungeon Crawl Stone Soup version 0.30.1-4-g462c640d31 (webtiles) character file.

Game seed: 17014472948749541371

30 H3lixF0ssil the Grave Robber (level 3, -4/24 HPs)
             Began as a Mummy Necromancer on Aug 16, 2023.
             Slain by Sigmund
             ... wielding a +0 scythe
              (10 damage)
             ... on level 2 of the Dungeon.
             The game lasted 00:10:35 (1857 turns).

H3lixF0ssil the Grave Robber (Mummy Necromancer)    Turns: 1857, Time: 00:10:36

Health: -4/24      AC:  2    Str: 11    XL:     3   Next: 3%
Magic:  5/7        EV: 12    Int: 16    God:
Gold:   32         SH:  0    Dex: 12    Spells: 4/8 levels left

rFire   x . .        c - +4 short sword
rCold   + . .        (no shield)
rNeg    + + +        a - +0 robe
rPois   ∞            (no helmet)
rElec   .            (no cloak)
rCorr   .            (no gloves)
SInv    .            (no boots)
Will    .....        (no amulet)
Stlth   +            (no ring)
HPRegen 0.24/turn    (no ring)
MPRegen 0.10/turn

%: faith
@: silenced
A: cold resistance 1, negative energy resistance 3, torment resistance 2, heat
vulnerability 1, in touch with death 1, no potions, faith
a: no special abilities


You were on level 2 of the Dungeon.
You visited 1 branch of the dungeon, and saw 2 of its levels.

You collected 32 gold pieces.

Inventory:

Hand Weapons
 c - a +4 short sword (weapon)
Armour
 a - a +0 robe (worn)
Jewellery
 h - a ring of positive energy
Scrolls
 d - 3 scrolls of identify (quivered) {unknown}
 e - a scroll of teleportation {unknown}
 f - a scroll of silence
 g - a scroll of magic mapping {unknown}
 i - a scroll of amnesia {unknown}
Potions
 b - 2 potions of might {unknown}


   Skills:
 + Level 1.6 Dodging
 + Level 1.6 Stealth
 + Level 3.0 Spellcasting
 + Level 4.8 Necromancy


You had 4 spell levels left.
You knew the following spells:

 Your Spells              Type           Power      Damage    Failure   Level
a - Necrotise             Necr           100%       1d9       2%          1
b - Vampiric Draining     Necr           26%        2d7       8%          3

Your spell library contained the following spells:

 Spells                   Type           Power      Damage    Failure   Level
 Animate Dead             Necr           26%        N/A       26%         4
 Agony                    Necr           26%        N/A       58%         5


Dungeon Overview and Level Annotations

Branches:
Dungeon (2/15)

Altars:

Annotations:
D:2 Sigmund


Innate Abilities, Weirdness & Mutations

You are immune to poison.
Your flesh is cold resistant. (rC+)
You are immune to negative energy. (rN+++)
You are immune to unholy pain and torment.
You are vulnerable to heat. (rF-)
You are in touch with the powers of death.
You do not drink.
You have a special connection with the divine. (Faith)


Message History

Press: ? - help, Shift-Dir - straight line, f/p - Sigmund
Aim: Sigmund, wielding a +0 scythe and wearing a +2 robe of resistance (lightly wounded, chance to affect: 88%)
You feel a surge of power!
Sigmund writhes in agony.
Sigmund hits you from afar with a +0 scythe!
Read: 2 scrolls of silence
Press: ? - help, Q - select action, (/) - cycle Dir - look around, f - activate Look: Sigmund, wielding a +0 scythe and wearing a +2 robe of resistance (moderately wounded)
As you read the scroll of silence, it crumbles to dust.
A profound silence engulfs you.
You cannot cast spells when silenced!
Sigmund closely misses you. Sigmund hits you with a +0 scythe!
Ouch! That really hurt!
* * * LOW HITPOINT WARNING * * *
You hit Sigmund but do no damage.
Sigmund is moderately wounded.
You closely miss Sigmund.
Sigmund is moderately wounded.
Sigmund closely misses you.
Your magical contamination has completely faded away.
You barely miss Sigmund.
Sigmund is moderately wounded.
Sigmund barely misses you.
You hit Sigmund. Your punch misses Sigmund.
Sigmund is heavily wounded.
You hit Sigmund.
Sigmund is heavily wounded.
Sigmund closely misses you.
You closely miss Sigmund.
Sigmund is heavily wounded.
Sigmund closely misses you.
You hit Sigmund.
Sigmund is severely wounded.
You hit Sigmund.
Sigmund is almost dead.
Sigmund misses you.
You hit Sigmund but do no damage.
Sigmund is almost dead.
Sigmund hits you with a +0 scythe!
You die...

##.####
.....<.#####.#
#.##..@@...#
#.....######
###.###.# ...#
#.# # #.###.#
###.....#
..#.#.########
#.#.#.#......###
#.#.#.#.####.>.#


You could see Sigmund.

Vanquished Creatures
  4 bats (D:1)
  2 hobgoblins
  2 kobolds
  2 quokkas (D:1)
  3 ball pythons
  3 frilled lizards
  6 goblins (D:1)
  5 rats (D:1)
27 creatures vanquished.

Vanquished Creatures (collateral kills)
  A ball python (D:1)
  A rat (D:1)
2 creatures vanquished.

Grand Total: 29 creatures vanquished

Notes
Turn   | Place    | Note
-------+----------+-------------------------------------------
     0 | D:1      | H3lixF0ssil the Mummy Necromancer began the quest for the
                  | Orb.
     0 | D:1      | Reached XP level 1. HP: 13/13 MP: 4/4
   274 | D:1      | Reached XP level 2. HP: 19/19 MP: 2/5
  1507 | D:2      | Gained mutation: You are in touch with the powers of death.
                  | [Mummy growth]
  1507 | D:2      | Reached XP level 3. HP: 24/24 MP: 5/7
  1511 | D:2      | Learned a level 3 spell: Vampiric Draining
  1842 | D:2      | Noticed Sigmund
  1857 | D:2      | Slain by Sigmund

Illustrated notes

Levels and vault maps discovered:
D:1:      mushboom_english_gardens, layout_basic
D:2:      layout_loops_ring, serial_rivers, chequers_serial_rivers_micro_e,
          chequers_serial_rivers_micro_b, chequers_serial_rivers_large_b,
          chequers_serial_rivers_micro_e, uniq_sigmund

Skill      XL: |  1  2 |
---------------+-------+-----
Spellcasting   | 3 |  3.0
Dodging        | |  1.6
Stealth        | |  1.6
Necromancy     | |  4.8

Action                     || total
---------------------------++-------
  Melee: Unarmed           ||     1
         Short sword       ||    10
   Cast: Necrotise         ||    47
         Vampiric Draining ||     1
    Use: Scroll            ||     2
 Armour: Robe              ||     7
  Dodge: Dodged            ||    16
